 Dungeon Crawl Stone Soup version 0.30-a0-760-g5a9884bb7c (webtiles) character file.

Game seed: 790722933952363698

6 kae the Ruffian (level 1, -1/18 HPs)
             Began as a Naga Transmuter on Feb 10, 2023.
             Slain by a jackal (2 damage)
             ... on level 1 of the Dungeon.
             The game lasted 00:00:10 (91 turns).

kae the Ruffian (Naga Transmuter)                     Turns: 91, Time: 00:00:11

Health: -1/18      AC:  1    Str: 12    XL:     1   Next: 90%
Magic:  2/3        EV:  9    Int: 13    God:
Gold:   11         SH:  0    Dex: 11    Spells: 3/4 levels left

rFire   . . .      SeeInvis +      - Unarmed
rCold   . . .      Faith    .    (no shield)
rNeg    . . .      Spirit   .    a - +0 robe
rPois   +          Reflect  .    (helmet currently unavailable)
rElec   .          Harm     .    (no cloak)
rCorr   .          Rampage  .    (no gloves)
Will    .....                    (no barding)
Stlth   +                        (no amulet)
HPRegen 0.23/turn                (no ring)
MPRegen 0.08/turn                (no ring)

@: appendages (expiring), very slow
A: horns 2, AC +0, large, see invisible, deformed body, poison resistance,
slowness 2, spit poison 1, naga tail 1
a: Spit Poison, End Transformation


You were on level 1 of the Dungeon.
You had temporarily grown beastly horns.
You visited 1 branch of the dungeon, and saw 1 of its levels.

You collected 11 gold pieces.


Innate Abilities, Weirdness & Mutations

You have temporarily grown beastly horns.
Your serpentine skin is tough. (AC +0)
You have supernaturally acute eyesight. (SInv)
Armour fits poorly on your strangely shaped body.
Your system is resistant to poisons. (rPois)
You cover ground very slowly.
You can spit poison.
You have a snake-like lower body.


   Skills:
 - Level 1.0 Fighting
 - Level 1.5 Dodging
 + Level 3.1 Unarmed Combat
 + Level 2.1 Spellcasting
 * Level 2.3 Transmutations


You had 3 spell levels left.
You knew the following spells:

 Your Spells              Type           Power      Damage    Failure   Level
a - Beastly Appendage     Tmut           14%        N/A       10%         1

Your spell library contained the following spells:

 Spells                   Type           Power      Damage    Failure   Level
 Wereblood                Tmut           7%         N/A       14%         2
 Spider Form              Tmut/Pois      4%         N/A       43%         3
 Ice Form                 Ice/Tmut       4%         N/A       83%         4

Inventory:

Missiles
 d - a stone
Armour
 a - a +0 robe (worn)
Potions
 b - 2 potions of lignification {!q}
 c - 2 potions of curing {unknown}

Dungeon Overview and Level Annotations

Branches:
Dungeon (1/15) Zot: 5886

Altars:

#............
#...............#
............[...
..........##...#
.......... #...
##.......###..####
#.....hhh.##.....#
#.....l@..##..##.###
....!..........#...#####
................##.....#
.................#####.#
.#...............#####.#
##................)...#
######.........####..#
#.........# #..#
#.........# ##..


You could see 3 jackals and a frilled lizard.


Message History

😎 MP[-1]
You lost 1 mp, and now have 2/3 mp.
A hobgoblin comes into view.
The hobgoblin shouts!
The endoplasm quivers.
The goblin barely misses you.
You hit the goblin. Your headbutt misses the goblin.
The goblin hits you with a +0 dagger. 😕 HP[-3]
You take 3 damage, and now have 15/18 hp.
You hit the goblin but do no damage. Your headbutt misses the goblin.
The goblin hits you with a +0 dagger.
You are too injured to fight recklessly! 😮 HP[-3]
You take 3 damage, and now have 12/18 hp.
There are monsters nearby!
You are too injured to fight recklessly!
You are too injured to fight recklessly!
There are monsters nearby!
You are too injured to fight recklessly!
You are too injured to fight recklessly!
There are monsters nearby!
Unknown command.
You hit the goblin.
You kill the goblin!
You hit the endoplasm. You punch the endoplasm.
You kill the endoplasm!
Your transformation is almost over.
You hit the hobgoblin. You punch the hobgoblin.
You kill the hobgoblin!
You see here a +0 dagger. 😮 HP[+1] Unknown command.
Your horns disappear.
You see here a +0 dagger.
b - 2 potions of lignification {!q} (gained 1)
A goblin comes into view. It is wielding a +0 dagger.
The goblin shouts!
A rat comes into view. 😎 HP[+5] MP[+1]
Your hp is fully restored (18).
Your mp is fully restored (3).
There are monsters nearby!
Unknown command.
There are monsters nearby!
There are monsters nearby! 3 jackals come into view.
The jackal barks! x2; You hear an angry hiss.
A frilled lizard comes into view.
The jackal barks!
The frilled lizard hisses angrily.
Casting: Beastly Appendage (safe; 11% risk of failure)
Confirm with . or Enter, or press ? or * to list all spells.
You grow a pair of large bovine horns.
Your transformation is almost over.
The goblin hits you but does no damage. The goblin closely misses you. 😎 MP[-1]
You lost 1 mp, and now have 2/3 mp.
Aiming: Spit Poison (3% risk of failure)
Press: ? - help, Shift-Dir - straight line, f - goblin
Aim: a goblin, wielding a +0 dagger (43% to hit)
The splash of poison hits the goblin!
The goblin is poisoned.
You kill the goblin!
The rat completely misses you.
You hit the rat but do no damage. You headbutt the rat.
You kill the rat!
The jackal bites you. 😕 HP[-3]
You take 3 damage, and now have 15/18 hp.
You closely miss the jackal. The jackal closely misses you.
The jackal barely misses you. The frilled lizard bites you.
You closely miss the jackal. Your headbutt misses the jackal.
You punch the jackal.
You have got your breath back.
The jackal bites you. x2; The jackal barely misses you.
The frilled lizard misses you. 😮 HP[-2]
You take 2 damage, and now have 13/18 hp.
You closely miss the jackal. The jackal bites you.
The jackal barely misses you. The jackal bites you. x2
The frilled lizard bites you but does no damage. 😮 HP[-3]
You take 3 damage, and now have 10/18 hp.
Unknown command.
You hit the jackal but do no damage. The jackal barely misses you.
The jackal bites you.
* * * LOW HITPOINT WARNING * * *
The jackal bites you.
* * * LOW HITPOINT WARNING * * *
The jackal bites you.
* * * LOW HITPOINT WARNING * * *
😱 HP[-7]
You take 7 damage, and now have 3/18 hp.
MASSIVE DAMAGE!! (PAUSE)
You completely miss the jackal. The frilled lizard bites you.
* * * LOW HITPOINT WARNING * * *
The jackal bites you but does no damage.
The jackal bites you.
* * * LOW HITPOINT WARNING * * *
The jackal bites you.
You die...

Action                     || total
---------------------------++-------
  Melee: Unarmed           ||    11
         Punch             ||     3
         Headbutt          ||     1
   Cast: Beastly Appendage ||     2
Ability: Spit Poison       ||     1
 Armour: Robe              ||     3
  Dodge: Dodged            ||     9

Levels and vault maps discovered:
D:1:      nicolae_arrival_washed_ashore, layout_rooms,
          shapermc_ecumenical_altar_totnotflames, hangedman_glass_teeth

Notes
Turn   | Place    | Note
-------+----------+-------------------------------------------
     0 | D:1      | kae the Naga Transmuter began the quest for the Orb.
     0 | D:1      | Reached XP level 1. HP: 18/18 MP: 3/3
     0 | D:1      | magus.rc [v1.11.3]
    90 | D:1      | HP: 3/18 [jackal (2)]
    91 | D:1      | HP: 1/18 [jackal (2)]
    91 | D:1      | Slain by a jackal

Vanquished Creatures
  An endoplasm (D:1)
  2 goblins (D:1)
  A hobgoblin (D:1)
  A rat (D:1)
5 creatures vanquished.

Table legend:
 A = Non-vault XP
 B = Vault XP
 C = Vault XP percentage of total XP
 D = Non-vault monster count
 E = Vault monster count
 F = Vault count percentage of total count
                 A         B        C        D         E       F
            +---------+---------+-------+---------+---------+-------
      Total |       9 |       0 |   0.0 |       5 |       0 |   0.0
            +---------+---------+-------+---------+---------+-------
        D:1 |       9 |       0 |   0.0 |       5 |       0 |   0.0
            +---------+---------+-------+---------+---------+-------

Illustrated notes

Table legend:
 A = Kills in this place as a percentage of kills in entire the game.
 B = Kills by you in this place as a percentage of kills by you in the entire game.
 C = Kills by friends in this place as a percentage of kills by friends in the entire game.
 D = Other kills in this place as a percentage of other kills in the entire game.
 E = Experience gained in this place as a percentage of experience gained in the entire game.
 F = Experience gained in this place divided by the number of levels of this place that you have seen.
                   A       B       C       D       E      F
               +-------+-------+-------+-------+-------+----------------------
         Total | 100.0 | 100.0 |   N/A |   N/A | 100.0 |   9.0
       Dungeon | 100.0 | 100.0 |   N/A |   N/A | 100.0 |   9.0
               +-------+-------+-------+-------+-------+----------------------

Table legend: (Time is in decaauts)
 A = Elapsed time spent in this place.
 B = Non-inter-level travel time spent in this place.
 C = Inter-level travel time spent in this place.
 D = Time resting spent in this place.
 E = Time spent auto-exploring this place.
 F = Levels seen in this place.
 G = Mean time per level.
                   A        B        C        D        E       F      G
               +--------+--------+--------+--------+--------+-----+--------+
         Total |    112 |    112 |      0 |      0 |     85 |   1 |  112.0 |
       Dungeon |    112 |    112 |      0 |      0 |     85 |   1 |  112.0 |
               +--------+--------+--------+--------+--------+-----+--------+

Top non-repeatable levels by time:
     D:1: 112 daAuts
